 Dungeon Crawl Stone Soup version 0.18-a0-1408-g69e564c (webtiles) character file.

8031 Arkorax the Zephyrmancer (level 11, -2/74 HPs)
             Began as a Yellow Draconian Air Elementalist on Feb 25, 2016.
             Was a Priest of Vehumet.
             Slain by a hill giant
             ... wielding a +0 giant club
              (25 damage)
             ... on level 10 of the Dungeon.
             The game lasted 00:41:43 (16006 turns).

Arkorax the Zephyrmancer (DrAE)                    Turns: 16006, Time: 00:41:44

Health: -2/74      AC: 10    Str: 10    XL:     11   Next: 4%
Magic:  5/21       EV: 14    Int: 15    God:    Vehumet [***...]
Gold:   367        SH:  0    Dex: 16    Spells: 6 memorised, 7 levels left

rFire  . . .     SeeInvis +     o - +1 dagger (venom)
rCold  . . .     Gourm    .     (armour unavailable)
rNeg   . . .     Faith    .     (no shield)
rPois  .         Spirit   .     (helmet restricted)
rElec  .         Dismiss  .     (no cloak)
rCorr  +         Reflect  .     h - +0 pair of gloves of Listlessness {MR+ Int-4 Dex+4 SInv}
SustAt .         Harm     .     y - +1 pair of boots
MR     +....                    (no amulet)
Stlth  ++........               x - ring of wizardry
                                I - +2 ring of evasion

@: about to teleport, somewhat resistant to hostile enchantments, unstealthy
A: spit acid, acid resistance, unfitting armour, cold-blooded, AC +7
a: Spit Acid, Renounce Religion


You were on level 10 of the Dungeon.
You worshipped Vehumet.
Vehumet was most pleased with you.
You were very hungry.

You visited 2 branches of the dungeon, and saw 11 of its levels.

You collected 619 gold pieces.
You spent 252 gold pieces at shops.

Inventory:

Hand Weapons
 f - a +0 dagger
 j - a +0 hunting sling
 o - a +1 dagger of venom (weapon)
 u - a +2 falchion of holy wrath
 H - a +1 flail of freezing
 N - the +7 long sword "Qoyruz Ladu" {distort, MR+}
   (You found it on level 8 of the Dungeon)

   It warps and distorts space around it.
   Unwielding it can cause banishment or high damage.
   It affects your resistance to hostile enchantments.
Missiles
 k - 446 stones (quivered)
Armour
 h - the +0 pair of gloves of Listlessness (worn) {MR+ Int-4 Dex+4 SInv}
   (You found it on level 10 of the Dungeon)

   It affects your intelligence (-4).
   It affects your dexterity (+4).
   It affects your resistance to hostile enchantments.
   It lets you see invisible.
 y - a +1 pair of boots (worn)
 z - a +1 pair of gloves
Magical Staves
 s - an uncursed staff of summoning
Jewellery
 p - a +1 ring of evasion
 x - a ring of wizardry (right hand)
 I - a +2 ring of evasion (left hand)
Wands
 w - a wand of paralysis (21/24)
 G - a wand of polymorph (12/24)
 J - a wand of lightning (0/15)
 K - a wand of enslavement (22/24)
Scrolls
 c - a scroll of fear
 n - a scroll of remove curse
 A - a scroll of magic mapping
 C - a scroll of recharging
Potions
 e - a potion of resistance {unknown}
 i - 2 potions of agility {unknown}
 m - a potion of cure mutation {unknown}
 q - a potion of heal wounds {unknown}
 r - 4 potions of flight
 t - a potion of invisibility {unknown}
 v - 2 potions of mutation {unknown}
 D - a potion of haste {unknown}
 E - a potion of brilliance {unknown}
 L - a potion of berserk rage {unknown}
 O - a potion of curing
 P - a potion of lignification {unknown}
 Q - a potion of magic {unknown}
 R - a potion of cancellation {unknown}
Books
 a - a book of Air

   Spells                             Type                      Level
   a - Shock                          Conjuration/Air              1
   b - Swiftness                      Charms/Air                   2
   c - Repel Missiles                 Charms/Air                   2
   d - Static Discharge               Conjuration/Air              3
   e - Lightning Bolt                 Conjuration/Air              5
 B - a book of Unlife

   Spells                             Type                      Level
   a - Recall                         Summoning/Translocation      3
   b - Animate Dead                   Necromancy                   4
   c - Control Undead                 Necromancy                   4
   d - Cigotuvi's Embrace             Necromancy                   5
   e - Death Channel                  Necromancy                   6
   f - Simulacrum                     Ice/Necromancy               6
 F - a Necronomicon

   Spells                             Type                      Level
   a - Haunt                          Necromancy/Summoning         7
   b - Borgnjor's Revivification      Necromancy                   8
   c - Death's Door                   Charms/Necromancy            8
   d - Necromutation                  Transmutation/Necromancy     8
Comestibles
 b - a beef jerky
 d - 2 slices of pizza
 l - 2 meat rations
 M - 4 chunks of flesh


   Skills:
 - Level 1.7 Dodging
 - Level 1.7 Stealth
 + Level 7.0 Spellcasting
 * Level 10.8 Conjurations
 * Level 11.3 Air Magic


You had 7 spell levels left.
You knew the following spells:

 Your Spells              Type           Power        Failure   Level  Hunger
a - Shock                 Conj/Air       ####         1%          1    None
b - Swiftness             Chrm/Air       ###.....     1%          2    None
c - Repel Missiles        Chrm/Air       ###...       1%          2    None
d - Static Discharge      Conj/Air       #####...     1%          3    ##.....
e - Lightning Bolt        Conj/Air       #####.....   1%          5    #####..
f - Fulminant Prism       Conj/Hex       ###.......   2%          4    ####...


Dungeon Overview and Level Annotations

Branches:
Dungeon (10/15)            Temple (1/1) D:6            Lair (0/8) D:9
    Orc: D:9-12

Altars:
Ashenzari
Cheibriados
Dithmenos
Elyvilon
Gozag
Kikubaaqudgha
Makhleb
Nemelex Xobeh
Okawaru
Pakellas
Qazlal
Ru
Sif Muna
Vehumet
Xom
Yredelemnul
The Shining One

Shops:
D:5 [*   D:9 %

Annotations:
D:2 Sigmund
D:9 exclusions: 3 killer bees and 42 more exclusions


Innate Abilities, Weirdness & Mutations

You can spit globs of acid.
You are resistant to acid.
Your golden yellow scales are hard (AC +7).
Your body does not fit into most forms of armour.
You are cold-blooded and may be slowed by cold attacks.


Message History

The lightning arcs!
You are struck by lightning.
The lightning arcs!
The hill giant is struck by lightning.
The hill giant is heavily wounded.
The lightning grounds out.
The hill giant hits you with a giant club!
* * * LOW HITPOINT WARNING * * *
Unknown command.
You see here a troll hide.
A killer bee comes into view.
A killer bee comes into view.
The killer bee moves out of view.
A killer bee comes into view.
The killer bee buzzes angrily. x2 2 killer bees come into view.
Read which item? (? for menu, Esc to quit)
As you read the scroll of teleportation, it crumbles to dust.
You feel strangely unstable.
The killer bee buzzes angrily. x2
The hill giant hits you with a giant club!!
You die...

############ #..........#
#........[.# ######
#....#####.# #.....
#####....# #.#####....)
#........# #.).[....)..
##.......C# #...........
#........@#####.........##
#.......y...............#
#.......................#
#.......................+
#....yy...............>.#
###..y.................##
#.yy.................
#...########.........
######...# #.........


You could see a hill giant and 6 killer bees.

Vanquished Creatures
  An ugly thing (D:8)
  A queen bee (D:9)
  2 trolls
  Grinder (D:4)
  3 yaks (D:9)
  A steam dragon (D:9)
  4 wolves (D:9)
  A hippogriff (D:9)
  Duvessa (D:4)
  A water moccasin (D:9)
  2 ice beasts (D:9)
  3 orc warriors
  2 phantoms
  A necrophage (D:10)
  5 ogres
  5 centaurs
  A crocodile (D:7)
  3 giant frogs
  Dowan (D:4)
  23 killer bees
  9 wights
  2 howler monkeys
  2 electric eels (D:9)
  7 crimson imps
  3 jellies
  6 orc priests
  6 hounds
  5 iguanas
  15 orc wizards
  Natasha (thrice) (D:4)
  11 worker ants
  A killer bee zombie (D:10)
  2 hound skeletons (D:4)
  A howler monkey skeleton (D:7)
  Robin (D:5)
  12 adders
  3 shadow imps
  3 oozes
  An adder skeleton (D:7)
  3 adder zombies
  4 worms
  A dart slug (D:2)
  7 giant geckos
  41 orcs
  A ball python (D:3)
  3 bats
  7 giant cockroaches
  11 goblins
  16 hobgoblins
  15 jackals
  2 quokkas
  4 giant newts
  A jackal skeleton (D:6)
  12 kobolds
  8 rats
  A fungus (D:1)
292 creatures vanquished.

Vanquished Creatures (others)
  An orc wizard (D:9)
  An adder (D:9)
  15 fulminant prisms
17 creatures vanquished.

Grand Total: 309 creatures vanquished

Notes
Turn   | Place    | Note
--------------------------------------------------------------
     0 | D:1      | Arkorax the Draconian Air Elementalist began the quest for the Orb.
     0 | D:1      | Reached XP level 1. HP: 14/14 MP: 3/3
   287 | D:1      | Reached XP level 2. HP: 17/20 MP: 0/5
  1050 | D:1      | Learned a level 2 spell: Swiftness
  1053 | D:1      | Learned a level 2 spell: Repel Missiles
  1369 | D:2      | Reached XP level 3. HP: 26/26 MP: 3/6
  1467 | D:2      | Noticed Sigmund
  2145 | D:2      | HP: 1/26 [poisoned by an adder]
  2563 | D:2      | Reached XP level 4. HP: 33/33 MP: 5/7
  3625 | D:3      | Reached skill level 4 in Air Magic
  3708 | D:3      | Reached XP level 5. HP: 38/38 MP: 4/8
  3950 | D:4      | Found an opulent altar of Gozag.
  4127 | D:4      | Noticed Grinder
  4183 | D:4      | Noticed an ogre
  4186 | D:4      | Noticed a phantom
  4237 | D:3      | Killed an ogre
  4237 | D:3      | Reached XP level 6. HP: 13/45 MP: 3/10
  4764 | D:4      | Reached skill level 5 in Air Magic
  4835 | D:4      | Found a stormy altar of Qazlal.
  4914 | D:4      | Noticed Dowan
  4915 | D:4      | Noticed Duvessa
  4944 | D:4      | Killed Duvessa
  4955 | D:4      | Killed Dowan
  5401 | D:4      | Reached XP level 7. HP: 50/50 MP: 7/12
  5401 | D:4      | Your scales start taking on a golden yellow colour.
  5516 | D:4      | Noticed Natasha
  5518 | D:4      | Killed Natasha
  5571 | D:4      | Found a shattered altar of Ashenzari.
  5591 | D:4      | Reached skill level 5 in Conjurations
  5846 | D:5      | Entered Level 5 of the Dungeon
  5922 | D:5      | Found Ceympis's Antique Armour Emporium.
  5950 | D:5      | Reached skill level 6 in Air Magic
  5990 | D:5      | Noticed Robin
  5995 | D:5      | Killed Robin
  6196 | D:5      | Found Myhuasse's General Store.
  6540 | D:4      | Noticed Natasha
  6543 | D:4      | Killed Natasha
  6545 | D:4      | Killed Grinder
  6545 | D:4      | Reached XP level 8. HP: 45/57 MP: 5/14
  6773 | D:4      | Reached skill level 7 in Air Magic
  6892 | D:4      | Noticed Natasha
  6904 | D:4      | Killed Natasha
  7582 | D:5      | Bought a pair of boots for 126 gold pieces
  7582 | D:5      | Bought a pair of gloves for 126 gold pieces
  7816 | D:6      | Found a staircase to the Ecumenical Temple.
  7825 | Temple   | Entered the Ecumenical Temple
  7838 | Temple   | Became a worshipper of Vehumet
  8108 | D:6      | Learned a level 3 spell: Static Discharge
  8114 | D:6      | Learned a level 5 spell: Lightning Bolt
  8190 | D:6      | Found a glowing golden altar of the Shining One.
  8572 | D:6      | Reached skill level 8 in Air Magic
  8639 | D:6      | Reached XP level 9. HP: 34/62 MP: 9/16
  9048 | D:7      | Reached * piety under Vehumet
  9048 | D:7      | Offered knowledge of Magic Dart by Vehumet.
  9048 | D:7      | Reached skill level 5 in Spellcasting
  9789 | D:7      | Found a shadowy altar of Dithmenos.
 10100 | D:7      | Noticed a troll
 10597 | D:8      | Got a warped long sword
 10844 | D:8      | Offered knowledge of Sandblast by Vehumet.
 10844 | D:8      | Reached skill level 9 in Air Magic
 10925 | D:9      | Found a snail-covered altar of Cheibriados.
 10925 | D:9      | Found an iron altar of Okawaru.
 11098 | D:9      | Reached ** piety under Vehumet
 11162 | D:9      | Found Qotutz's Food Emporium.
 11262 | D:8      | Identified the +7 long sword "Qoyruz Ladu" {distort, MR+} (You found it on level 8 of the Dungeon)
 12023 | D:9      | Found a sparkling altar of Nemelex Xobeh.
 12274 | D:9      | Reached XP level 10. HP: 69/69 MP: 7/19
 12358 | D:9      | Reached skill level 10 in Air Magic
 13053 | D:9      | Offered knowledge of Ignite Poison by Vehumet.
 13336 | D:9      | Reached *** piety under Vehumet
 13464 | D:9      | Noticed a purple ugly thing
 13609 | D:9      | Reached skill level 10 in Conjurations
 13699 | D:9      | Offered knowledge of Fulminant Prism by Vehumet.
 13708 | D:9      | Learned a level 4 spell: Fulminant Prism
 13878 | D:9      | Found a staircase to the Lair.
 14511 | D:8      | Killed a purple ugly thing
 14511 | D:8      | Reached skill level 11 in Air Magic
 14896 | D:9      | Found a basalt altar of Yredelemnul.
 15435 | D:10     | Entered Level 10 of the Dungeon
 15531 | D:10     | Got a pair of ancient gloves
 15542 | D:10     | Identified the cursed +0 pair of gloves of Listlessness {MR+ Int-4 Dex+4 SInv} (You found it on level 10 of the Dungeon)
 15783 | D:10     | Reached XP level 11. HP: 74/74 MP: 18/21
 15885 | D:10     | Noticed a hill giant
 16006 | D:10     | Slain by a hill giant

Vault maps used:
D:1:      mrwooster_arrival_statue_2, minmay_gold_behind_fungi,
          minmay_misc_feat_pillars
D:2:      lexackson_kobold_supper, uniq_sigmund
D:4:      grunt_qazlal_sundering, ashenzari_altar_1, first_bread,
          hangedman_abyss_or_decor_slice, nicolae_gozag_seed_capital,
          uniq_robin, uniq_grinder, uniq_duvessa, uniq_natasha
D:5:      serial_shops, shop, kennysheep_windowed_goal
D:6:      overflow_temple_1_default, minmay_temple_entry_glass
D:7:      kennysheep_mini_moat
D:9:      grunt_temple_overflow_open, overflow_temple_1_default,
          nicolae_overflow_crystal_walls, erik_lair_island, serial_shops, shop,
          david_nohive_1
Temple:   circular_temple_12

Skill      XL: |  1  2  3  4  5  6  7  8  9 10 |
---------------+-------------------------------+-----
Conjurations   | 2 3 4 6 7 9 10 | 10.8
Air Magic      | 4 5 6 8 9 11 | 11.3
Spellcasting   | 3 4 6 7 |  7.0
Dodging        | |  1.7
Stealth        | |  1.7

Action                   |  1- 3 |  4- 6 |  7- 9 | 10-12 || total
-------------------------+-------+-------+-------+-------++-------
Melee: Unarmed           |     7 |       |    11 |       ||    18
       Dagger            |    91 |    26 |    38 |    78 ||   233
 Cast: Shock             |    97 |   133 |   388 |   129 ||   747
       Swiftness         |       |     1 |       |       ||     1
       Static Discharge  |       |       |     7 |    35 ||    42
       Lightning Bolt    |       |       |    13 |    25 ||    38
       Fulminant Prism   |       |       |       |    15 ||    15
 Abil: Spit Acid         |       |       |    19 |     8 ||    27
Evoke: Wand              |       |       |     2 |     1 ||     3
  Use: Scroll            |       |     5 |    10 |     4 ||    19
       Potion            |       |       |     3 |       ||     3
 Stab: Sleeping          |       |       |     1 |       ||     1
  Eat: Chunk             |     2 |     5 |     6 |     8 ||    21
       Bread ration      |     1 |       |     3 |     1 ||     5
       Meat ration       |       |     1 |     2 |     1 ||     4
       Royal jelly       |       |       |       |     1 ||     1
       Pizza             |       |       |       |     1 ||     1
